MLB
SAN DIEGO PADRES @ CHICAGO CUBS
05/28/2099
 
TOP OF THE 1ST
San Diego Padres batting - Pitching for Chicago Cubs : RHP Angel Alvarez
Pitching: RHP Angel Alvarez
Batting: LHB Eric Schoonover 0-0: Ball
1-0: SINGLE (Groundball, 6MD, EV 97.5 MPH)
Batting: RHB Jose Barillas 0-0: Foul Ball, location: 2F
0-1: Foul Ball, location: 3DF
0-2: Strikes out swinging
Batting: LHB Joel Sherlock 0-0: Ball
1-0: Ball
2-0: Ball
3-0: Called Strike
3-1: Called Strike
3-2: Fly out, F7 (Flyball, 7S, EV 72.5 MPH)
Batting: RHB Tony Woody 0-0: Fly out, F9 (Flyball, 9, EV 89.4 MPH)
Top of the 1st over - 0 runs, 1 hit, 0 errors, 1 left on base; San Diego 0 - Chicago 0
BOTTOM OF THE 1ST
Chicago Cubs batting - Pitching for San Diego Padres : RHP Chris Penn
Pitching: RHP Chris Penn
Batting: RHB Armando Valenzuela 0-0: Ground out 6-3 (Groundball, 6, EV 81.9 MPH)
Batting: RHB Howie Seabolt 0-0: Ball
1-0: Foul Ball, location: 25F
1-1: Swinging Strike
1-2: Ball
2-2: SINGLE (Line Drive, 34, EV 96.3 MPH)
Batting: LHB Elijah Fairchild 0-0: Ball
1-0: Called Strike
1-1: Ball
2-1: Ball
3-1: Called Strike
3-2: Fielders Choice at 2nd, 6-4 (Groundball, 6M, EV 86.9 MPH)
Batting: RHB Kevin Luzzo 0-0: Ball
1-0: Ball
2-0: Called Strike
2-1: Foul Ball, location: 2F
2-2: Ball
3-2: Fly out, F8 (Flyball, 8RM, EV 75.6 MPH)
Bottom of the 1st over - 0 runs, 1 hit, 0 errors, 1 left on base; San Diego 0 - Chicago 0
TOP OF THE 2ND
San Diego Padres batting - Pitching for Chicago Cubs : RHP Angel Alvarez
Batting: RHB Chris Santos 0-0: Called Strike
0-1: Ball
1-1: Ball
2-1: Foul Ball, location: 2F
2-2: Foul Ball, location: 23FF
2-2: Fly out, F6 (Popup, 6, EV 58.1 MPH)
Batting: RHB Alfredo Beltran 0-0: Ball
1-0: Swinging Strike
1-1: SOLO HOME RUN (Flyball, 9D, EV 100.0 MPH), Distance : 390 ft
Batting: RHB Maxwell Judson 0-0: Foul Ball, location: 25FF
0-1: Swinging Strike
0-2: Foul Ball, location: 2F
0-2: Ball
1-2: Ball
2-2: Fly out, F9 (Flyball, 89M, EV 89.4 MPH)
Batting: RHB John Ballard 0-0: Foul Ball, location: 7LMF
0-1: Ball
1-1: Ball
2-1: Foul Ball, location: 5F
2-2: SINGLE (Groundball, 4MD, EV 106.9 MPH)
Batting: LHB R.J. Correll 0-0: Ball
1-0: SINGLE (Line Drive, 89S, EV 106.3 MPH)
John Ballard to second
Runner from 2nd tries for 3rd, SAFE, throw by CF made to third
Batting: LHB Eric Schoonover 0-0: Fly out, F8 (Flyball, 8LD, EV 99.4 MPH)
Top of the 2nd over - 1 run, 3 hits, 0 errors, 2 left on base; San Diego 1 - Chicago 0
BOTTOM OF THE 2ND
Chicago Cubs batting - Pitching for San Diego Padres : RHP Chris Penn
Batting: LHB Nick Criswell 0-0: Called Strike
0-1: Foul Ball, location: 5DF
0-2: Foul Ball, location: 7LSF
0-2: Foul Ball, location: 25F
0-2: Ball
1-2: Foul Ball, location: 9LSFF
1-2: Fly out, F4 (Flyball, 4MD, EV 98.1 MPH)
Batting: RHB Amir Shaw 0-0: Called Strike
0-1: Foul Ball, location: 2F
0-2: Strikes out swinging
Batting: LHB Israel Perez 0-0: Fly out, F8 (Line Drive, 89M, EV 108.1 MPH)
Bottom of the 2nd over - 0 runs, 0 hits, 0 errors, 0 left on base; San Diego 1 - Chicago 0
TOP OF THE 3RD
San Diego Padres batting - Pitching for Chicago Cubs : RHP Angel Alvarez
Batting: RHB Jose Barillas 0-0: Foul Ball, location: 2F
0-1: Swinging Strike
0-2: Ball
1-2: Ball
2-2: Strikes out swinging
Batting: LHB Joel Sherlock 0-0: Ball
1-0: Ball
2-0: Foul Ball, location: 2F
2-1: Ball
3-1: Called Strike
3-2: Foul Ball, location: 3F
3-2: Ground out U3 (Groundball, 3, EV 83.1 MPH)
Batting: RHB Tony Woody 0-0: Fly out, F9 (Flyball, 9LD, EV 104.4 MPH)
Top of the 3rd over - 0 runs, 0 hits, 0 errors, 0 left on base; San Diego 1 - Chicago 0
BOTTOM OF THE 3RD
Chicago Cubs batting - Pitching for San Diego Padres : RHP Chris Penn
Batting: RHB Chris Downs 0-0: Ball
1-0: Called Strike
1-1: Foul Ball, location: 3FF
1-2: Foul Ball, location: 9LDF
1-2: Strikes out swinging
Batting: RHB Jacob Duke 0-0: Called Strike
0-1: Ball
1-1: Ball
2-1: Foul Ball, location: 25F
2-2: Foul Ball, location: 2F
2-2: Strikes out swinging
Pitching: RHP Ben Memon
Batting: RHB Armando Valenzuela 0-0: Called Strike
0-1: Ball
1-1: Ball
2-1: Ball
3-1: Base on Balls
Batting: RHB Howie Seabolt 0-0: Called Strike
0-1: Called Strike
0-2: Foul Ball, location: 2F
0-2: Foul Ball, location: 9LDF
0-2: Ball
1-2: Foul Ball, location: 3SF
1-2: Ball
Armando Valenzuela steals 2nd base
2-2: Strikes out looking
Bottom of the 3rd over - 0 runs, 0 hits, 0 errors, 1 left on base; San Diego 1 - Chicago 0
TOP OF THE 4TH
San Diego Padres batting - Pitching for Chicago Cubs : RHP Angel Alvarez
Batting: RHB Chris Santos 0-0: Foul Ball, location: 2F
0-1: Ball
1-1: Ball
2-1: Called Strike
2-2: Ball
3-2: Fly out, F9 (Flyball, 9D, EV 101.9 MPH)
Batting: RHB Alfredo Beltran 0-0: Ball
1-0: Called Strike
1-1: Ball
2-1: Foul Ball, location: 5FF
2-2: Strikes out looking
Batting: RHB Maxwell Judson 0-0: Called Strike
0-1: Ball
1-1: Ball
2-1: Ball
3-1: Base on Balls
Batting: RHB John Ballard 0-0: Called Strike
0-1: Ball
1-1: Fly out, F7 (Flyball, 7S, EV 80.6 MPH)
Top of the 4th over - 0 runs, 0 hits, 0 errors, 1 left on base; San Diego 1 - Chicago 0
BOTTOM OF THE 4TH
Chicago Cubs batting - Pitching for San Diego Padres : RHP Ben Memon
Batting: LHB Elijah Fairchild 0-0: Called Strike
0-1: Foul Ball, location: 2F
0-2: Foul Ball, location: 7LMF
0-2: Strikes out looking
Batting: RHB Kevin Luzzo 0-0: Ball
1-0: Foul Ball, location: 2F
1-1: Ball
2-1: Ball
3-1: Ground out 3-1 (Groundball, 34, EV 102.5 MPH)
Batting: LHB Nick Criswell 0-0: Fly out, F8 (Flyball, 8RD, EV 91.9 MPH)
Bottom of the 4th over - 0 runs, 0 hits, 0 errors, 0 left on base; San Diego 1 - Chicago 0
TOP OF THE 5TH
San Diego Padres batting - Pitching for Chicago Cubs : RHP Angel Alvarez
Batting: LHB R.J. Correll 0-0: Called Strike
0-1: SINGLE (Groundball, 34D, EV 103.8 MPH)
Batting: LHB Eric Schoonover 0-0: Ball
1-0: Ball
R.J. Correll steals 2nd base
2-0: Called Strike
2-1: Ground out 1-3 (Groundball, 13S, EV 70.6 MPH)
R.J. Correll to third
Batting: RHB Jose Barillas 0-0: Intentional Walk
Batting: LHB Joel Sherlock 0-0: SINGLE (Groundball, 6MD, EV 103.1 MPH)
R.J. Correll scores
Jose Barillas to second
Runner from 2nd tries for 3rd, SAFE, no throw by CF
Batting: RHB Tony Woody 0-0: Foul Ball, location: 2F
0-1: Ball
1-1: Ball
2-1: Fielders Choice at home, 5-2 (Groundball, 56S, EV 86.9 MPH)
Joel Sherlock to second
Batting: RHB Chris Santos 0-0: Ball
1-0: Ball
2-0: Foul Ball, location: 2F
2-1: Foul Ball, location: 2F
2-2: Ball
3-2: Foul Ball, location: 23F
3-2: SINGLE (Line Drive, 4D, EV 101.3 MPH)
Joel Sherlock to third
Tony Woody to second
Joel Sherlock scores
Tony Woody to third
Batting: RHB Alfredo Beltran 0-0: Foul Ball, location: 23F
0-1: Fielders Choice at 2nd, 6-4 (Groundball, 6, EV 96.3 MPH)
Top of the 5th over - 2 runs, 3 hits, 0 errors, 2 left on base; San Diego 3 - Chicago 0
BOTTOM OF THE 5TH
Chicago Cubs batting - Pitching for San Diego Padres : RHP Ben Memon
Batting: RHB Amir Shaw 0-0: Ball
1-0: Swinging Strike
1-1: Ball
2-1: Ball
3-1: Base on Balls
Batting: LHB Israel Perez 0-0: Swinging Strike
0-1: SINGLE (Groundball, 34D, EV 97.5 MPH)
Amir Shaw to second
Batting: RHB Chris Downs 0-0: Grounds into double play, 5-4-3 (Groundball, 56, EV 80.0 MPH)
Amir Shaw to third
Batting: RHB Jacob Duke 0-0: Called Strike
0-1: Ball
1-1: Called Strike
1-2: Foul Ball, location: 25F
1-2: Strikes out swinging
Bottom of the 5th over - 0 runs, 1 hit, 0 errors, 1 left on base; San Diego 3 - Chicago 0
TOP OF THE 6TH
San Diego Padres batting - Pitching for Chicago Cubs : RHP Angel Alvarez
Batting: RHB Maxwell Judson 0-0: Ball
1-0: Ball
2-0: Foul Ball, location: 9LSF
2-1: Swinging Strike
2-2: Ball
3-2: SINGLE (Line Drive, 56D, EV 96.3 MPH)
Batting: RHB John Ballard 0-0: Swinging Strike
Maxwell Judson steals 2nd base
0-1: Swinging Strike
0-2: Ball
1-2: Strikes out looking
Batting: LHB R.J. Correll 0-0: Ball
1-0: Foul Ball, location: 5F
1-1: Foul Ball, location: 7LSF
1-2: Ball
2-2: Fly out, F7 (Flyball, 7, EV 83.1 MPH)
Batting: LHB Eric Schoonover 0-0: SINGLE (Groundball, 6D, EV 101.9 MPH) (infield hit)
Maxwell Judson to third
Batting: RHB Jose Barillas 0-0: Foul Ball, location: 2F
0-1: Foul Ball, location: 5F
0-2: Fly out, F7 (Flyball, 7LS, EV 98.8 MPH)
Top of the 6th over - 0 runs, 2 hits, 0 errors, 2 left on base; San Diego 3 - Chicago 0
BOTTOM OF THE 6TH
Chicago Cubs batting - Pitching for San Diego Padres : RHP Ben Memon
Pitching: RHP Jim Vickery
Batting: RHB Armando Valenzuela 0-0: Ball
1-0: Foul Ball, location: 9LDF
1-1: Fly out, F8 (Flyball, 8LD, EV 99.4 MPH)
Batting: RHB Howie Seabolt 0-0: Called Strike
0-1: Foul Ball, location: 9LSF
0-2: Strikes out swinging
Batting: LHB Elijah Fairchild 0-0: Ball
1-0: Ball
2-0: Ball
3-0: Base on Balls
Batting: RHB Kevin Luzzo 0-0: Ball
1-0: Fly out, F2 (Popup, 2R, EV 89.4 MPH)
Bottom of the 6th over - 0 runs, 0 hits, 0 errors, 1 left on base; San Diego 3 - Chicago 0
TOP OF THE 7TH
San Diego Padres batting - Pitching for Chicago Cubs : RHP Angel Alvarez
Batting: LHB Joel Sherlock 0-0: DOUBLE (Line Drive, 89D, EV 104.4 MPH)
Batting: RHB Tony Woody 0-0: TRIPLE (Line Drive, 89XD, EV 98.8 MPH)
Joel Sherlock scores
Batting: RHB Chris Santos 0-0: Intentional Walk
Pitching: RHP Josh Ruhe
Batting: RHB Alfredo Beltran 0-0: Ball
1-0: Foul Ball, location: 2F
1-1: Fly out, F9 (Flyball, 9, EV 95.0 MPH)
Runner from 3rd tags up, SCORES, throw by RF
Batting: RHB Maxwell Judson 0-0: Ball
1-0: Swinging Strike
1-1: Swinging Strike
1-2: Strikes out swinging
Batting: RHB John Ballard 0-0: Called Strike
0-1: Ball
1-1: Ball
2-1: Ground out 1-3 (Groundball, 23, EV 67.5 MPH)
Top of the 7th over - 2 runs, 2 hits, 0 errors, 1 left on base; San Diego 5 - Chicago 0
BOTTOM OF THE 7TH
Chicago Cubs batting - Pitching for San Diego Padres : RHP Jim Vickery
Batting: LHB Nick Criswell 0-0: Ball
1-0: Ball
2-0: Ball
3-0: Base on Balls
Batting: RHB Amir Shaw 0-0: Called Strike
0-1: Grounds into double play, 4-6-3 (Groundball, 4, EV 113.1 MPH)
Pitching: LHP Seth Oltmans
Pinch Hitting: RHB Devin Williams 0-0: Ball
1-0: Ball
2-0: Called Strike
2-1: Fly out, F8 (Flyball, 8LXD, EV 80.0 MPH)
Bottom of the 7th over - 0 runs, 0 hits, 0 errors, 0 left on base; San Diego 5 - Chicago 0
TOP OF THE 8TH
San Diego Padres batting - Pitching for Chicago Cubs : RHP Josh Ruhe
Now at 2B: Dave Conley
Batting: LHB R.J. Correll 0-0: SINGLE (Groundball, 15, EV 68.8 MPH) (infield hit)
Batting: LHB Eric Schoonover 0-0: Called Strike
0-1: Foul Ball, location: 5SF
0-2: Ball
1-2: Strikes out swinging
Batting: RHB Jose Barillas 0-0: Ball
1-0: Ball
2-0: Ball
3-0: Base on Balls
R.J. Correll to second
Batting: LHB Joel Sherlock 0-0: Ball
1-0: Swinging Strike
1-1: Foul Ball, location: 2F
1-2: Ball
2-2: Ball
3-2: Base on Balls
R.J. Correll to third
Jose Barillas to second
Batting: RHB Tony Woody 0-0: Called Strike
0-1: Ball
1-1: Swinging Strike
1-2: Ball
2-2: Foul Ball, location: 2F
2-2: SINGLE (Groundball, 56D, EV 100.0 MPH)
R.J. Correll scores
Jose Barillas to third
Joel Sherlock to second
Runner from 3rd tries for Home, SAFE, throw by LF to home
Pinch Hitting: RHB Bill Carlisle 0-0: Ball
1-0: Ball
2-0: Ball
3-0: Called Strike
3-1: SINGLE (Groundball, 5D, EV 100.0 MPH)
Joel Sherlock to third
Tony Woody to second
Batting: RHB Alfredo Beltran 0-0: Ball
1-0: Foul Ball, location: 2F
1-1: Ball
2-1: Fly out, F6 (Popup, 4M, EV 58.8 MPH)
Batting: RHB Maxwell Judson 0-0: Called Strike
0-1: Swinging Strike
0-2: Ground out 4-3 (Groundball, 34, EV 75.6 MPH)
Top of the 8th over - 2 runs, 3 hits, 0 errors, 3 left on base; San Diego 7 - Chicago 0
BOTTOM OF THE 8TH
Chicago Cubs batting - Pitching for San Diego Padres : LHP Seth Oltmans
Now at 3B: John Ballard
Now at SS: Bill Carlisle
Batting: RHB Chris Downs 0-0: Ground out 6-3 (Groundball, 6, EV 90.6 MPH)
Batting: RHB Jacob Duke 0-0: Foul Ball, location: 5F
0-1: Swinging Strike
0-2: Strikes out looking
Batting: RHB Armando Valenzuela 0-0: Fly out, F9 (Flyball, 9LS, EV 86.3 MPH)
Bottom of the 8th over - 0 runs, 0 hits, 0 errors, 0 left on base; San Diego 7 - Chicago 0
TOP OF THE 9TH
San Diego Padres batting - Pitching for Chicago Cubs : RHP Josh Ruhe
Pitching: RHP Jarred Karr
Batting: RHB John Ballard 0-0: Ball
1-0: Called Strike
1-1: Foul Ball, location: 2LF
1-2: Ground out 6-3 (Groundball, 6, EV 88.8 MPH)
Batting: LHB R.J. Correll 0-0: Ball
1-0: Ball
2-0: Called Strike
2-1: Ball
3-1: Base on Balls
Batting: LHB Eric Schoonover 0-0: Called Strike
0-1: Foul Ball, location: 2F
0-2: Ball
1-2: Grounds into double play, 5-4-3 (Groundball, 5, EV 108.1 MPH)
Top of the 9th over - 0 runs, 0 hits, 0 errors, 0 left on base; San Diego 7 - Chicago 0
BOTTOM OF THE 9TH
Chicago Cubs batting - Pitching for San Diego Padres : LHP Seth Oltmans
Pinch Hitting: RHB Ryan Helsel 0-0: Foul Ball, location: 2F
0-1: Called Strike
0-2: Ball
1-2: Ball
2-2: DOUBLE (Flyball, 7LD, EV 110.6 MPH)
Batting: LHB Elijah Fairchild 0-0: Ball
1-0: Swinging Strike
1-1: Swinging Strike
1-2: Ball
2-2: Ball
3-2: Foul Ball, location: 2RF
3-2: SINGLE (Line Drive, 34D, EV 98.1 MPH)
Ryan Helsel to third
Batting: RHB Kevin Luzzo 0-0: Ball
1-0: Ball
2-0: SINGLE (Line Drive, 7S, EV 102.5 MPH)
Ryan Helsel scores
Elijah Fairchild to second
Batting: LHB Nick Criswell 0-0: Swinging Strike
0-1: Ball
1-1: Ball
Wild Pitch!
Elijah Fairchild to third
Kevin Luzzo to second
2-1: Ball
3-1: Base on Balls
Pitching: RHP Dan Ketterer
Batting: RHB Amir Shaw 0-0: Swinging Strike
0-1: Ball
1-1: Ball
2-1: Fly out, F8 (Flyball, 8LXD, EV 106.3 MPH)
Runner from 3rd tags up, SCORES, no throw by CF
Kevin Luzzo to third
Batting: RHB Dave Conley 0-0: Fly out, F8 (Flyball, 8RD, EV 104.4 MPH)
Runner from 3rd tags up, SCORES, no throw by CF
Batting: RHB Chris Downs 0-0: Called Strike
0-1: Foul Ball, location: 9LMF
0-2: Ball
1-2: Ball
2-2: Ball
3-2: Foul Ball, location: 9LSF
3-2: Foul Ball, location: 5SF
3-2: Foul Ball, location: 25F
3-2: Foul Ball, location: 2F
3-2: Strikes out swinging
Bottom of the 9th over - 3 runs, 3 hits, 0 errors, 1 left on base; San Diego 7 - Chicago 3
Tuesday, May 7th , 2024 - OOTP Baseball 24.11 Build 85